 Dungeon Crawl Stone Soup version 0.26-a0-1107-g6118521029 (webtiles) character file.

Game seed: 12583608377164189950

1325 sahdkjhfkaj the Cleaver (level 8, -2/70 HPs)
             Began as a Hill Orc Hunter on Dec 16, 2020.
             Was a Follower of Beogh.
             Slain by a two-headed ogre
             ... wielding a +0 giant club
              (10 damage)
             ... on level 8 of the Dungeon.
             The game lasted 00:11:56 (8196 turns).

sahdkjhfkaj the Cleaver (Hill Orc Hunter)           Turns: 8196, Time: 00:11:57

Health: -2/70      AC: 11    Str: 17    XL:     8   Next: 60%
Magic:  8/8        EV:  7    Int: 11    God:    Beogh [*.....]
Gold:   390        SH:  4    Dex: 11    Spells: 7/7 levels left

rFire    . . .     SeeInvis .   a - +1 hand crossbow
rCold    . . .     Faith    +   q - +0 buckler
rNeg     . . .     Spirit   .   m - +0 chain mail
rPois    .         Reflect  .   (no helmet)
rElec    .         Harm     .   (no cloak)
rCorr    +         Rampage  .   n - +0 pair of gloves
Will     .....                  (no boots)
Stlth    ..........             u - amulet of faith
HPRegen  0.21/turn              A - ring of resist corrosion
MPRegen  0.11/turn              (no ring)

@: no status effects
A: no striking features
a: Renounce Religion


You were on level 8 of the Dungeon.
You worshipped Beogh.
Beogh was aware of your devotion.
You visited 1 branch of the dungeon, and saw 8 of its levels.

You collected 390 gold pieces.

Inventory:

Hand Weapons
 a - a +1 hand crossbow (weapon)
 b - a +0 war axe
Missiles
 d - 60 bolts (quivered ammo)
 e - 20 poisoned darts
Armour
 m - a +0 chain mail (worn)
 n - a +0 pair of gloves (worn)
 q - a +0 buckler (worn)
Jewellery
 u - an amulet of faith (around neck)
 x - an uncursed ring of fire
 A - a ring of resist corrosion (left hand)
 G - an uncursed ring of poison resistance {unknown}
Wands
 s - a wand of flame (15)
 y - a wand of iceblast (6)
 z - a wand of polymorph (4)
 B - a wand of random effects (23)
Scrolls
 f - 2 scrolls of immolation
 g - 2 scrolls of fog
 j - 3 scrolls of remove curse
 k - 2 scrolls of blinking
 p - 2 scrolls of enchant armour
 r - a scroll of teleportation {!r}
 w - 2 scrolls of magic mapping
 D - a scroll of fear
 E - a scroll of enchant weapon {unknown}
Potions
 c - 2 potions of berserk rage {unknown}
 h - a potion of mutation {unknown}
 i - 2 potions of degeneration {unknown}
 l - 4 potions of curing {unknown}
 o - a potion of might {unknown}
 t - 3 potions of lignification
 v - 2 potions of heal wounds
 F - a potion of brilliance {unknown}


   Skills:
 - Level 6.1 Fighting
 - Level 2.0 Short Blades
 + Level 8.0 Axes
 - Level 3.6 Crossbows
 - Level 4.9 Armour
 - Level 1.5 Dodging
 - Level 0.7 Stealth
 - Level 4.0 Shields


You had 7 spell levels left.
You didn't know any spells.
Your spell library contained the following spells:

 Spells                   Type           Power        Failure   Level
 Beastly Appendage        Tmut           #.....       99%         1
 Corona                   Hex            #......      99%         1
 Ensorcelled Hibernation  Hex/Ice        #.....       100%        2
 Slow                     Hex            #.......     100%        2
 Wereblood                Tmut           #.......     100%        2
 Confusing Touch          Hex            #.......     100%        3
 Dazzling Flash           Conj/Hex       #.....       100%        3
 Gell's Gravitas          Tloc           #.........   100%        3
 Inner Flame              Hex/Fire       #.......     100%        3
 Portal Projectile        Hex/Tloc       #.....       100%        3
 Spider Form              Tmut/Pois      #.........   100%        3
 Tukima's Dance           Hex            #.......     100%        3
 Cause Fear               Hex            #.........   100%        4
 Ice Form                 Ice/Tmut       #.......     100%        4
 Leda's Liquefaction      Hex/Erth       #.........   100%        4
 Petrify                  Tmut/Erth      #.......     100%        4
 Blade Hands              Tmut           #.........   100%        5
 Metabolic Englaciation   Hex/Ice        #.........   100%        5
 Yara's Violent Unravell  Hex/Tmut       #.........   100%        5


Dungeon Overview and Level Annotations

Branches:
Dungeon (8/15)             Temple (0/1) D:7
   Lair: D:8-11

Altars:
Ashenzari
Cheibriados
Elyvilon
Kikubaaqudgha
Makhleb
Nemelex Xobeh
Ru
Uskayaw
Vehumet
Yredelemnul
Zin
The Shining One

Shops:
D:6 =

Annotations:
D:3 3 runed translucent doors, CabbageHands's ghost, amateur OpTm
D:6 orc warrior


Message History

The two-headed ogre hits you with a +0 giant club.
Unknown command.
Fire: 62 bolts
Press: ? - help, Q - select action, (/) - cycle Shift-Dir - straight line, f/p - two-headed ogre
Aim: a two-headed ogre, wielding two +0 giant clubs (almost dead)
You shoot a bolt. The bolt hits the two-headed ogre.
The two-headed ogre is almost dead.
The two-headed ogre hits you with a +0 giant club!
* * * LOW HITPOINT WARNING * * *
The two-headed ogre hits you with a +0 giant club!
* * * LOW HITPOINT WARNING * * *
Fire: 61 bolts
Press: ? - help, Q - select action, (/) - cycle Shift-Dir - straight line, f/p - two-headed ogre
Aim: a two-headed ogre, wielding two +0 giant clubs (almost dead)
You shoot a bolt.
The bolt hits the two-headed ogre but does no damage.
The two-headed ogre is almost dead.
The two-headed ogre barely misses you.
The two-headed ogre hits you with a +0 giant club!
You die...

###### #....#
#.#<.#
#.##############
#.@O(((........#
##############.#
#.# #.# #.# #O#
#.# #.# #.#


You could see a two-headed ogre.

Vanquished Creatures
  The ghost of DarkMailMan the Conjurer, a novice DECj (D:6)
  Sigmund (D:2)
  A sky beast (D:7)
  A necrophage (D:8)
  An ogre (D:5)
  3 howler monkeys
  A hound (D:5)
  3 orc wizards
  Ijyb (D:4)
  3 worker ants
  2 iguanas
  7 adders
  4 white imps
  2 oozes (D:2)
  2 adder skeletons (D:4)
  2 dart slugs (D:3)
  6 leopard geckos
  18 orcs
  3 ball pythons
  7 bats
  3 giant cockroaches
  9 goblins
  3 hobgoblins
  4 jackals
  5 frilled lizards
  4 kobolds
  3 quokka skeletons
  5 rats
105 creatures vanquished.

Notes
Turn   | Place    | Note
-------+----------+-------------------------------------------
     0 | D:1      | sahdkjhfkaj the Hill Orc Hunter began the quest for the
                  | Orb.
     0 | D:1      | Reached XP level 1. HP: 18/18 MP: 1/1
    79 | D:1      | Reached skill level 1 in Short Blades
   341 | D:1      | Reached XP level 2. HP: 24/25 MP: 2/2
  1108 | D:2      | Found a burning altar of Makhleb.
  1108 | D:2      | Noticed a cacodemon
  1153 | D:2      | Reached skill level 1 in Armour
  1153 | D:2      | Reached XP level 3. HP: 30/30 MP: 3/3
  1575 | D:2      | Noticed a ynoxinul
  1575 | D:2      | Noticed an orange demon
  1690 | D:2      | Noticed Sigmund
  1701 | D:2      | Killed Sigmund
  1702 | D:2      | Reached XP level 4. HP: 38/41 MP: 4/4
  1702 | D:2      | Reached XP level 5. HP: 44/47 MP: 5/5
  2063 | D:2      | Found a sparkling altar of Nemelex Xobeh.
  2232 | D:3      | Reached skill level 5 in Fighting
  2232 | D:3      | Reached XP level 6. HP: 47/56 MP: 6/6
  2351 | D:3      | Found a runed translucent gate.
  2351 | D:3      | Found a runed translucent gate.
  2351 | D:3      | Found a runed translucent gate.
  2351 | D:3      | Noticed CabbageHands's ghost (amateur OpTm)
  2883 | D:3      | Found a snail-covered altar of Cheibriados.
  2921 | D:3      | Found a broken altar of Ashenzari.
  4122 | D:4      | Reached XP level 7. HP: 37/63 MP: 7/7
  4392 | D:4      | Noticed Ijyb
  4398 | D:4      | Killed Ijyb
  4399 | D:4      | Reached skill level 1 in Shields
  4439 | D:4      | Became a worshipper of Beogh the Brigand
  4444 | D:4      | Found a sacrificial altar of Ru.
  4579 | D:5      | Entered Level 5 of the Dungeon
  4595 | D:5      | Found a hide-covered altar of Uskayaw.
  4665 | D:5      | Found an ancient bone altar of Kikubaaqudgha.
  4794 | D:5      | Found a glowing silver altar of Zin.
  5616 | D:5      | Reached skill level 1 in Axes
  6016 | D:6      | Found Kaom Loe's Jewellery Shop.
  6033 | D:6      | Found a radiant altar of Vehumet.
  6154 | D:6      | Reached * piety under Beogh
  6159 | D:6      | Reached skill level 2 in Axes
  6170 | D:6      | Found a basalt altar of Yredelemnul.
  6181 | D:6      | Found a runed translucent door.
  6181 | D:6      | Noticed DarkMailMan's ghost (novice DECj)
  6255 | D:6      | Found a white marble altar of Elyvilon.
  7355 | D:6      | Killed DarkMailMan's ghost
  7356 | D:6      | Reached skill level 6 in Axes
  7356 | D:6      | Reached XP level 8. HP: 33/70 MP: 8/8
  7755 | D:7      | Found a staircase to the Ecumenical Temple.
  7762 | D:7      | Reached skill level 7 in Axes
  7991 | D:7      | Found a glowing golden altar of the Shining One.
  8034 | D:8      | Reached skill level 8 in Axes
  8143 | D:8      | Noticed a two-headed ogre
  8196 | D:8      | Slain by a two-headed ogre

Illustrated notes

Levels and vault maps discovered:
D:1:      heliophobic_arrival_enchanted_forest, layout_basic
D:2:      layout_loops_ring, makhleb_altar_promises_db,
          nemelex_dance_club_becter, uniq_sigmund
D:3:      layout_basic, lemuel_crystal_altar, ashenzari_conservatory_becter,
          ebering_ghost_rock_garden
D:4:      layout_cave_pools, hangedman_ru_absence, serial_column_ruins,
          column_ruins_square_medium, column_ruins_corridor_plus,
          column_ruins_grid_2, column_ruins_columns_straight, uniq_ijyb
D:5:      layout_basic, overflow_temple_1_default, overflow_temple_1_default,
          lemuel_doored_altar
D:6:      layout_basic, kennysheep_little_box, lemuel_crystal_altar,
          kennysheep_mini, serial_shops, shop, gammafunk_ghost_grave,
          hangedman_abyss_or_decor_stagger
D:7:      layout_rooms, marbit_many_paths, minmay_temple_entry_drinking_statues
D:8:      layout_basic, erik_lair_island, nicolae_qazlal_eye_of_the_storm

Skill      XL: |  1  2  3  4  5  6  7  8 |
---------------+-------------------------+-----
Short Blades   | 1 2 |  2.0
Armour         | 1 3 4 |  4.9
Fighting       | 4 5 6 |  6.1
Shields        | 4 |  4.0
Axes           | 6 8 |  8.0
Crossbows      | |  3.6
Dodging        | |  1.5
Stealth        | |  0.7

Action                   |  1- 3 |  4- 6 |  7- 9 || total
-------------------------+-------+-------+-------++-------
Melee: Short sword       |    99 |   281 |    65 ||   445
       Unarmed           |       |     1 |       ||     1
       War axe           |       |       |   108 ||   108
 Fire: Hand crossbow     |     5 |     5 |    23 ||    33
Throw: Dart              |       |       |     5 ||     5
Invok: Convert to Beogh  |       |       |     1 ||     1
Evoke: Wand              |       |       |     2 ||     2
  Use: Scroll            |       |     6 |     7 ||    13
       Potion            |       |     2 |       ||     2
Armor: Leather armour    |    24 |       |       ||    24
       Chain mail        |    21 |   215 |   115 ||   351
       Skin              |       |     6 |       ||     6
Dodge: Dodged            |    63 |   105 |    48 ||   216
Block: Buckler           |       |       |    34 ||    34

Table legend: (Time is in decaauts)
 A = Elapsed time spent in this place.
 B = Non-inter-level travel time spent in this place.
 C = Inter-level travel time spent in this place.
 D = Time resting spent in this place.
 E = Time spent auto-exploring this place.
 F = Levels seen in this place.
 G = Mean time per level.
                   A        B        C        D        E       F      G
               +--------+--------+--------+--------+--------+-----+--------+
         Total |   8243 |   7745 |    498 |   1483 |   5054 |   8 | 1030.4 |
       Dungeon |   8243 |   7745 |    498 |   1483 |   5054 |   8 | 1030.4 |
               +--------+--------+--------+--------+--------+-----+--------+

Top non-repeatable levels by time:
     D:3: 1637 daAuts
     D:5: 1591 daAuts
     D:6: 1251 daAuts
     D:1: 1110 daAuts
     D:2: 1067 daAuts
     D:4: 769 daAuts
     D:7: 635 daAuts
     D:8: 179 daAuts
